 Dungeon Crawl Stone Soup version 0.20-a0-1122-gb7cbeb9 (webtiles) character file.

1479 MenacingMecha the Spear-Bearer (level 8, 0/58 HPs)
             Began as a Gnoll Skald on May 11, 2017.
             Was a Believer of Kikubaaqudgha.
             Slain by a hippogriff (6 damage)
             ... on level 6 of the Dungeon.
             The game lasted 00:29:30 (6803 turns).

MenacingMecha the Spear-Bearer (Gnoll Skald)        Turns: 6803, Time: 00:29:30

Health: 0/58       AC:  6    Str: 14    XL:     8   Next: 79%
Magic:  7/13       EV: 14    Int: 13    God:    Kikubaaqudgha [**....]
Gold:   92         SH:  6    Dex: 17    Spells: 2/14 levels left

rFire    . . .     SeeInvis .   a - +0 trident
rCold    + . .     Gourm    .   u - +0 buckler
rNeg     . . .     Faith    .   f - +0 ring mail
rPois    .         Spirit   .   (helmet restricted)
rElec    .         Reflect  .   v - scarf {repulsion}
rCorr    .         Harm     .   (no gloves)
MR       .....                  y - +0 pair of boots "Sesad" {rC+ Dex+3}
Stlth    +.........             (no amulet)
Regen    0.2/turn               g - ring of flight {+Fly}
MPRegen  0.2/turn               t - ring of loudness (curse) {Stlth-}

@: repel missiles
A: short attention span, fangs 1, horns 1, strong 1, strong nose
a: Receive Corpses, Renounce Religion, Evoke Flight


You were on level 6 of the Dungeon.
You worshipped Kikubaaqudgha.
Kikubaaqudgha was pleased with you.
You were not hungry.

You visited 1 branch of the dungeon, and saw 7 of its levels.

You collected 310 gold pieces.
You spent 218 gold pieces at shops.

Inventory:

Hand Weapons
 a - a +0 trident (weapon)
   (You took it off an orc on level 5 of the Dungeon)
 z - a +0 broad axe of electrocution
   (You acquired it on level 5 of the Dungeon)
Armour
 b - a +0 helmet
   (You found it on level 1 of the Dungeon)
 f - a +0 ring mail (worn)
   (You found it on level 1 of the Dungeon)
 u - a +0 buckler (worn)
   (You found it on level 4 of the Dungeon)
 v - a scarf of repulsion (worn)
   (You found it on level 2 of the Dungeon)
 y - the +0 pair of boots "Sesad" (worn) {rC+ Dex+3}
   (You bought it in a shop on level 6 of the Dungeon)

   It affects your dexterity (+3).
   It protects you from cold.
Jewellery
 g - a ring of flight (left hand) {+Fly}
   (You found it on level 1 of the Dungeon)
 t - a cursed ring of loudness (right hand) {Stlth-}
   (You found it on level 3 of the Dungeon)
Wands
 l - a wand of iceblast (9/15)
   (You found it on level 5 of the Dungeon)
Scrolls
 e - 4 scrolls of identify
 o - 3 scrolls of teleportation
Potions
 i - 2 potions of curing
 j - a potion of degeneration
 m - a potion of ambrosia
 p - a potion of invisibility
 q - a potion of lignification
 r - 2 potions of magic
 w - a potion of haste
Books
 c - a book of Battle
 s - Kikubaaqudgha's Handbook of Darkness
   (Kikubaaqudgha gifted it to you on level 3 of the Dungeon)

   Spells                             Type                      Level
   a - Animate Skeleton               Necromancy                   1
   b - Corpse Rot                     Necromancy                   2
   c - Sublimation of Blood           Necromancy                   2
   d - Vampiric Draining              Necromancy                   3
   e - Control Undead                 Necromancy                   4
Comestibles
 d - 6 bread rations
 h - 20 fruits
 k - 2 royal jellies
 n - 2 chunks of flesh
 x - a meat ration


   Skills:
 - Level 3.2 Fighting
 - Level 9.0 Polearms
 - Level 1.7 Armour
 - Level 6.1 Dodging
 - Level 3.0 Stealth
 - Level 5.2 Shields
 - Level 3.6 Spellcasting
 + Level 5.4 Hexes
 - Level 6.0 Charms
 - Level 4.3 Necromancy
 - Level 3.2 Translocations


You had 2 spell levels left.
You knew the following spells:

 Your Spells              Type           Power        Failure   Level  Hunger
a - Infusion              Chrm           ###.         3%          1    #......
r - Regeneration          Chrm/Necr      ###.......   16%         3    ###....
s - Shroud of Golubria    Chrm/Tloc      ##........   10%         2    ##.....
z - Spectral Weapon       Hex/Chrm       ###.....     12%         3    ###....
A - Animate Skeleton      Necr           N/A          7%          1    #......
S - Song of Slaying       Chrm           ###.....     5%          2    ##.....


Dungeon Overview and Level Annotations

Branches:
Dungeon (7/15)
 Temple: D:4-7

Altars:
Dithmenos
Kikubaaqudgha
Makhleb
Nemelex Xobeh
Qazlal
Sif Muna
Uskayaw
Wu Jian
Yredelemnul
Zin

Shops:
D:4 }   D:6 [

Annotations:
D:6 Jarno's ghost, novice FoFi


Innate Abilities, Weirdness & Mutations

You have a short attention span.
You have very sharp teeth.
Your uncanny sense of smell can sniff out nearby items.
You have a pair of small horns on your head.
Your muscles are strong. (Str +2)


Message History

The orc wizard misses your spectral weapon.
The bullfrog closely misses your spectral weapon.
You hit the orc wizard.
The orc wizard is almost dead.
Your spectral weapon hits the orc wizard but does no damage.
The orc wizard closely misses your spectral weapon.
The bullfrog closely misses your spectral weapon.
The orc wizard completely misses your spectral weapon.
You hit the orc wizard.
You kill the orc wizard!
Kikubaaqudgha accepts your kill. The bullfrog hits your spectral weapon.
Your spectral weapon shares its damage with you!
The bullfrog hits your spectral weapon but does no damage.
Attack whom?
Press: ? - help, Dir - move target cursor, f - bullfrog
Aim: a bullfrog You could not reach far enough!
The bullfrog hits your spectral weapon.
Your spectral weapon shares its damage with you!
Attack whom?
Press: ? - help, Dir - move target cursor, f/p - bullfrog
Aim: a bullfrog You reach to attack!
You closely miss the bullfrog.
Your spectral weapon closely misses the bullfrog.
The bullfrog hits your spectral weapon!
Your spectral weapon shares its damage with you!
Your spectral weapon fades away.
Casting: Spectral Weapon
Confirm with . or Enter, or press ? or * to list all spells.
You draw out your weapon's spirit!
A crimson imp comes into view.
You hit the bullfrog. Your bite misses the bullfrog.
The bullfrog is lightly wounded.
Your spectral weapon barely misses the bullfrog.
You block the bullfrog's attack.
The orc warrior hits your spectral weapon with a long sword.
Your spectral weapon shares its damage with you!
The bullfrog hits you.
You barely miss the bullfrog. You headbutt the bullfrog.
The bullfrog is lightly wounded.
Your spectral weapon hits the bullfrog.
The bullfrog hits you but does no damage.
The orc warrior hits your spectral weapon with a long sword.
Your spectral weapon shares its damage with you!
A scorpion comes into view.
You puncture the bullfrog! You headbutt the bullfrog.
The bullfrog is severely wounded.
Your spectral weapon misses the bullfrog.
The bullfrog hits you.
The orc warrior hits your spectral weapon with a long sword!
Your spectral weapon shares its damage with you!
Your spectral weapon fades away.
You puncture the bullfrog!
You kill the bullfrog!
Kikubaaqudgha accepts your kill.
Your Hexes skill increases to level 5!
The crimson imp blinks!
Attack whom?
Press: ? - help, Dir - move target cursor, f - orc warrior
Aim: an orc warrior, wielding a long sword and wearing a chain mail
Okay, then.
A hippogriff comes into view.
There is a stone staircase leading up here.
You block the hippogriff's attack. The hippogriff pecks you!
The hippogriff claws you.
You climb upwards.
Level annotation: Jarno's ghost, novice FoFi
There is a stone staircase leading down here.
Casting: Spectral Weapon
Confirm with . or Enter, or press ? or * to list all spells.
You draw out your weapon's spirit!
The hippogriff bites you.
The hippogriff pecks you but does no damage.
The hippogriff claws you.
You hit the hippogriff.
The hippogriff is lightly wounded.
Your spectral weapon barely misses the hippogriff.
The hippogriff closely misses you. You block the hippogriff's attack.
The hippogriff claws you.
You puncture the hippogriff! Your bite misses the hippogriff.
The hippogriff is moderately wounded.
Your spectral weapon completely misses the hippogriff.
The hippogriff barely misses you. The hippogriff pecks you.
You block the hippogriff's attack.
You barely miss the hippogriff.
The hippogriff is moderately wounded.
Your spectral weapon closely misses the hippogriff.
You puncture the hippogriff!
You headbutt the hippogriff, but do no damage.
The hippogriff is heavily wounded.
Your spectral weapon closely misses the hippogriff.
The hippogriff closely misses you. The hippogriff pecks you.
* * * LOW HITPOINT WARNING * * *
The hippogriff claws you!
* * * LOW HITPOINT WARNING * * *
You barely miss the hippogriff. You headbutt the hippogriff!
The hippogriff is severely wounded.
Your spectral weapon barely misses the hippogriff.
The hippogriff barely misses you. The hippogriff pecks you.
You die...
Kikubaaqudgha rasps: "You have failed me!
Welcome... death!"

## #. ##. #.. #.. #..
####################..
#...@.(..<............
#.##H########.##.###..
#.##..# #.##.# #..
#####.##..#######.##.###..
#.....##..#...............
#.######..#.#####.#......#
#.# #.#..#.# #..........#
#.# #.#..#.# #.#.#......#
#.# #.#..#.###.#.#......#


You could see a hippogriff and a friendly spectral trident.

Vanquished Creatures
  4 ogres
  3 bullfrogs
  A water moccasin zombie (D:6)
  3 wights (D:6)
  A howler monkey (D:4)
  A bullfrog zombie (D:5)
  4 hounds
  2 orc priests
  A centaur skeleton (D:6)
  4 orc wizards
  2 worker ants
  A hound zombie (D:5)
  7 gnolls
  7 adders
  5 oozes (D:1)
  An adder skeleton (D:5)
  4 worms
  2 dart slugs
  4 leopard geckos
  25 orcs
  5 bats
  7 giant cockroaches
  6 goblins
  7 hobgoblins
  15 jackals
  9 kobolds
  4 quokkas
  3 ball pythons
  4 frilled lizards
  7 rats
149 creatures vanquished.

Vanquished Creatures (others)
  A bat (D:3)
  2 spectral weapons (D:7)
3 creatures vanquished.

Grand Total: 152 creatures vanquished

Notes
Turn   | Place    | Note
-------+----------+-------------------------------------------
     0 | D:1      | MenacingMecha the Gnoll Skald began the quest for the Orb.
     0 | D:1      | Reached XP level 1. HP: 18/18 MP: 5/5
     1 | D:1      | Found a runed door.
   209 | D:1      | Reached skill level 4 in Polearms
   458 | D:1      | Reached XP level 2. HP: 24/24 MP: 6/6
   779 | D:2      | Reached skill level 5 in Polearms
   788 | D:1      | Reached XP level 3. HP: 22/29 MP: 0/8
   990 | D:2      | Reached skill level 6 in Polearms
   998 | D:2      | Learned a level 2 spell: Song of Slaying
  1001 | D:2      | Learned a level 2 spell: Shroud of Golubria
  1005 | D:2      | Learned a level 3 spell: Spectral Weapon
  1232 | D:2      | Reached skill level 5 in Charms
  1236 | D:2      | Reached skill level 1 in Translocations
  1364 | D:2      | Reached XP level 4. HP: 35/35 MP: 5/9
  1531 | D:1      | Reached skill level 2 in Translocations
  1723 | D:2      | Found a deep blue altar of Sif Muna.
  1726 | D:2      | Found an ancient bone altar of Kikubaaqudgha.
  1729 | D:2      | Found a basalt altar of Yredelemnul.
  1735 | D:2      | Became a worshipper of Kikubaaqudgha
  2076 | D:3      | Reached skill level 6 in Charms
  2109 | D:3      | Found a sparkling altar of Nemelex Xobeh.
  2152 | D:3      | Found an ornate altar of the Wu Jian Council.
  2269 | D:3      | Reached skill level 3 in Translocations
  2295 | D:3      | Reached XP level 5. HP: 41/41 MP: 2/10
  2367 | D:3      | Found a shadowy altar of Dithmenos.
  2399 | D:3      | You fall through a shaft!
  2469 | D:4      | Found a hide-covered altar of Uskayaw.
  2726 | D:3      | Reached * piety under Kikubaaqudgha
  2726 | D:3      | Identified Kikubaaqudgha's Handbook of Darkness (Kikubaaqudgha gifted it to you on level 3 of the Dungeon)
  2726 | D:3      | Received a gift from Kikubaaqudgha
  2739 | D:3      | Learned a level 1 spell: Animate Skeleton
  3143 | D:3      | Noticed a fire elemental
  3145 | D:3      | Found a stormy altar of Qazlal.
  3146 | D:3      | Noticed a water elemental
  3146 | D:3      | Noticed an air elemental
  3212 | D:3      | Reached skill level 1 in Necromancy
  3486 | D:4      | Reached skill level 2 in Necromancy
  3505 | D:4      | Found Adaej's Gadget Shoppe.
  3620 | D:4      | Noticed an ogre
  3760 | D:4      | Reached skill level 3 in Necromancy
  3805 | D:4      | Reached skill level 4 in Necromancy
  3805 | D:4      | Reached XP level 6. HP: 47/47 MP: 4/11
  3867 | D:4      | Reached skill level 7 in Polearms
  4111 | D:2      | Reached ** piety under Kikubaaqudgha
  4390 | D:5      | Entered Level 5 of the Dungeon
  4423 | D:5      | Reached skill level 8 in Polearms
  4423 | D:5      | Reached XP level 7. HP: 37/52 MP: 12/12
  5346 | D:5      | Found a burning altar of Makhleb.
  5359 | D:5      | Reached skill level 9 in Polearms
  5792 | D:5      | Identified a scroll of acquirement
  5805 | D:5      | Gained mutation: Your muscles are strong. (Str +2) [potion of mutation]
  5805 | D:5      | Gained mutation: You have a pair of small horns on your head. [potion of mutation]
  5988 | D:6      | Reached skill level 2 in Shields
  6020 | D:6      | Reached skill level 3 in Shields
  6020 | D:6      | Reached XP level 8. HP: 51/58 MP: 11/13
  6074 | D:6      | Reached skill level 4 in Shields
  6076 | D:6      | Noticed Jarno's ghost (novice FoFi)
  6144 | D:5      | Reached skill level 5 in Shields
  6250 | D:6      | Reached skill level 4 in Dodging
  6257 | D:6      | Reached skill level 5 in Dodging
  6320 | D:6      | Found a glowing silver altar of Zin.
  6325 | D:6      | Reached skill level 6 in Dodging
  6437 | D:6      | Reached skill level 1 in Hexes
  6503 | D:6      | Found Waovyoni's Antique Armour Shop.
  6510 | D:6      | Reached skill level 2 in Stealth
  6510 | D:6      | Reached skill level 2 in Hexes
  6518 | D:6      | Reached skill level 3 in Hexes
  6689 | D:6      | Bought a pair of pitted boots for 218 gold pieces
  6694 | D:6      | Identified the +0 pair of boots "Sesad" {rC+ Dex+3} (You bought it in a shop on level 6 of the Dungeon)
  6701 | D:6      | Reached skill level 3 in Stealth
  6756 | D:7      | Reached skill level 4 in Hexes
  6761 | D:7      | Learned a level 3 spell: Regeneration
  6786 | D:7      | Reached skill level 5 in Hexes
  6793 | D:7      | Noticed a hippogriff
  6802 | D:6      | HP: 13/58 [hippogriff (5)]
  6802 | D:6      | HP: 6/58 [hippogriff (7)]
  6803 | D:6      | Slain by a hippogriff

Vault maps used:
D:1:      dpeg_arrival_caged_fury
D:2:      grunt_temple_overflow_diamond
D:3:      nicolae_qazlal_style_of_elements, lemuel_round_altar,
          nicolae_dithmenos_shadow_blocks, nemelex_altar_shiori
D:4:      nicolae_overflow_crystal_walls, serial_shops, nicolae_shop_trees
D:5:      basic_altar, first_bread, eino_tiny_chamber, dk_vineyard_2,
          fountainhead, minmay_statues_item
D:6:      old_standard_altar, serial_shops, shop_fountains
D:7:      old_standard_altar, minmay_temple_entry_mist, led_sif_book,
          uniq_menkaure, uniq_crazy_yiuf_cottage, uniq_prince_ribbit1

Skill      XL: |  1  2  3  4  5  6  7  8 |
---------------+-------------------------+-----
Polearms       | 4 5 6 8 9 |  9.0
Charms         | 5 6 |  6.0
Translocations | 1 3 |  3.2
Necromancy     | 4 |  4.3
Shields        | 3 5 |  5.2
Dodging        | 6 |  6.1
Hexes          | 5 |  5.4
Stealth        | 3 |  3.0
Fighting       | |  3.2
Armour         | |  1.7
Spellcasting   | |  3.6

Action                   |  1- 3 |  4- 6 |  7- 9 || total
-------------------------+-------+-------+-------++-------
Melee: Spear             |   130 |   332 |    80 ||   542
       Bite              |    10 |    34 |     9 ||    53
       Trident           |       |       |   110 ||   110
       Headbutt          |       |       |    27 ||    27
 Cast: Infusion          |     3 |     9 |     3 ||    15
       Shroud of Golubri |       |     3 |     5 ||     8
       Spectral Weapon   |       |       |    11 ||    11
       Animate Skeleton  |       |       |     2 ||     2
  Use: Scroll            |       |     5 |     8 ||    13
       Potion            |       |       |     3 ||     3
  Eat: Chunk             |     1 |    11 |     9 ||    21
Armor: Ring mail         |    62 |    99 |    32 ||   193
       Leather armour    |     1 |       |       ||     1
Dodge: Dodged            |    66 |   162 |    78 ||   306
Block: Buckler           |       |       |    19 ||    19

Vault maps used:
D:1:      dpeg_arrival_caged_fury
D:2:      grunt_temple_overflow_diamond
D:3:      nicolae_qazlal_style_of_elements, lemuel_round_altar,
          nicolae_dithmenos_shadow_blocks, nemelex_altar_shiori
D:4:      nicolae_overflow_crystal_walls, serial_shops, nicolae_shop_trees
D:5:      basic_altar, first_bread, eino_tiny_chamber, dk_vineyard_2,
          fountainhead, minmay_statues_item
D:6:      old_standard_altar, serial_shops, shop_fountains
D:7:      old_standard_altar, minmay_temple_entry_mist, led_sif_book,
          uniq_menkaure, uniq_crazy_yiuf_cottage, uniq_prince_ribbit1

Table legend:
 A = Turns spent in this place as a percentage of turns spent in the entire game.
 B = Non-inter-level travel turns spent in this place as a percentage of non-inter-level travel turns spent in the entire game.
 C = Inter-level travel turns spent in this place as a percentage of turns spent in this place.
 D = Turns resting spent in this place as a percentage of non-inter-level travel turns spent in this place.
 E = Turns spent auto-exploring this place as a percentage of non-inter-level travel turns spent in this place.
 F = Non-inter-level travel turns spent in this place divided by the number of levels of this place that you've seen.
                   A       B       C       D       E      F
               +-------+-------+-------+-------+-------+----------------------
         Total | 100.0 | 100.0 |   0.8 |   3.9 |   3.2 | 374.7
       Dungeon | 100.0 | 100.0 |   0.8 |   3.9 |   3.2 | 374.7
               +-------+-------+-------+-------+-------+----------------------

Table legend:
 A = Kills in this place as a percentage of kills in entire the game.
 B = Kills by you in this place as a percentage of kills by you in the entire game.
 C = Kills by friends in this place as a percentage of kills by friends in the entire game.
 D = Other kills in this place as a percentage of other kills in the entire game.
 E = Experience gained in this place as a percentage of experience gained in the entire game.
 F = Experience gained in this place divided by the number of levels of this place that you have seen.
                   A       B       C       D       E      F
               +-------+-------+-------+-------+-------+----------------------
         Total | 100.0 | 100.0 |  -nan |  -nan | 100.0 | 301.9
       Dungeon | 100.0 | 100.0 |  -nan |  -nan | 100.0 | 301.9
               +-------+-------+-------+-------+-------+----------------------
